 Dungeon Crawl Stone Soup version 0.19.0 (webtiles) character file.

169 Buncs the Sneak (level 5, -7/36 HPs)
             Began as a Halfling Assassin on Nov 10, 2016.
             Was an Initiate of Nemelex Xobeh.
             Killed by nerve-wracking pain
             ... invoked by an orc priest
              (12 damage)
             ... on level 3 of the Dungeon.
             The game lasted 00:14:38 (2581 turns).

Buncs the Sneak (Halfling Assassin)                 Turns: 2581, Time: 00:14:39

Health: -7/36      AC:  3    Str: 12    XL:     5   Next: 79%
Magic:  5/5        EV: 15    Int:  9    God:    Nemelex Xobeh [......]
Gold:   89         SH:  0    Dex: 17    Spells: 0 memorised, 4 levels left

rFire  + . .     SeeInvis +     a - +2 dagger
rCold  + . .     Gourm    .     c - +0 robe
rNeg   . . .     Faith    .     (shield restricted)
rPois  +         Spirit   .     (no helmet)
rElec  +         Reflect  .     d - +0 cloak
rCorr  +         Harm     .     (no gloves)
MR     .....                    (no boots)
Stlth  +++.......               (no amulet)
                                i - ring of flight
                                h - ring of see invisible

@: resistant, very slightly contaminated, invisible
A: mutation resistance 1
a: Renounce Religion, Evoke Flight


You were on level 3 of the Dungeon.
You worshipped Nemelex Xobeh.
Nemelex Xobeh was noncommittal.
You were not hungry.

You visited 1 branch of the dungeon, and saw 3 of its levels.

You collected 89 gold pieces.

Inventory:

Hand Weapons
 a - a +2 dagger (weapon)
 b - a +0 blowgun
 j - a +0 spear of venom
 k - a +0 dagger of venom
 t - a cursed -3 short sword
Missiles
 e - 32 poisoned needles
 f - 2 curare-tipped needles
Armour
 c - a +0 robe (worn)
 d - a +0 cloak (worn)
 p - a +0 cloak
Jewellery
 h - a ring of see invisible (left hand)
 i - a ring of flight (right hand)
Scrolls
 q - a scroll of identify
Potions
 l - a potion of might {unknown}
Miscellaneous
 m - an ornate deck of destruction {drawn: 5}
Comestibles
 g - 2 bread rations


   Skills:
 * Level 2.8 Fighting
 * Level 4.0 Short Blades
 + Level 2.8 Throwing
 * Level 2.5 Dodging
 * Level 5.0 Stealth


You had 4 spell levels left.
You didn't know any spells.

Dungeon Overview and Level Annotations

Branches:
Dungeon (3/15)

Altars:
Nemelex Xobeh
Trog


Innate Abilities, Weirdness & Mutations

You are small and have problems with some larger weapons.
You are somewhat resistant to further mutation.


Message History

You see here a falchion.
You closely miss the orc. The orc hits you with a dagger.
* * * LOW HITPOINT WARNING * * *
You barely miss the orc. The orc completely misses you.
You hit the orc.
The orc is moderately wounded.
The orc hits you with a dagger.
* * * LOW HITPOINT WARNING * * *
It was a potion of invisibility.
You fade into invisibility!
The orc hits you with a dagger.
* * * LOW HITPOINT WARNING * * *
The orc priest invokes the aid of Beogh against you.
The orc writhes in agony!
The orc dies!
You are very lightly contaminated with residual magic.
The orc priest invokes the aid of Beogh against something.
Pain shoots through your body!
You die...
Your body disappears without a glow.

####
###########..
.........##.###
..........#..<#
..............#
##......#...#
#......#.#.#
####@#.....#
#)###.###
..#####)###.###
.......o$......
.......oo...###
...........oo..
...............
...............
#########..?...


You could see an orc priest and 2 orcs.

Vanquished Creatures
  4 adders
  An ooze (D:2)
  A worm (D:2)
  3 dart slugs (D:2)
  A leopard gecko (D:2)
  An orc (D:1)
  2 giant cockroaches
  2 goblins
  3 hobgoblins
  4 kobolds (D:2)
  5 bats
  3 frilled lizards
  10 rats
40 creatures vanquished.

Vanquished Creatures (others)
  The ghost of Softman25 the Cudgeler, an amateur DsCK of Xom (D:3)
  2 orcs (D:3)
3 creatures vanquished.

Grand Total: 43 creatures vanquished

Notes
Turn   | Place    | Note
-------+----------+-------------------------------------------
     0 | D:1      | Buncs the Halfling Assassin began the quest for the Orb.
     0 | D:1      | Reached XP level 1. HP: 14/14 MP: 1/1
   606 | D:1      | Reached XP level 2. HP: 19/19 MP: 2/2
   863 | D:2      | Found a sparkling altar of Nemelex Xobeh.
  1146 | D:1      | Reached XP level 3. HP: 7/24 MP: 3/3
  1792 | D:2      | Found a bloodstained altar of Trog.
  1813 | D:2      | Reached XP level 4. HP: 13/29 MP: 4/4
  2108 | D:2      | Became a worshipper of Nemelex Xobeh the Trickster
  2169 | D:2      | Received a gift from Nemelex Xobeh
  2547 | D:3      | Noticed Softman25's ghost (amateur DsCK)
  2568 | D:3      | Killed Softman25's ghost
  2568 | D:3      | Reached skill level 5 in Stealth
  2568 | D:3      | Reached XP level 5. HP: 19/36 MP: 5/5
  2581 | D:3      | Killed from afar by an orc priest

Skill      XL: |  1  2  3  4 |
---------------+-------------+-----
Fighting       | 2 |  2.8
Short Blades   | 3 4 |  4.0
Dodging        | 2 |  2.5
Stealth        | 5 |  5.0
Throwing       | |  2.8

Action                   |  1- 3 |  4- 6 || total
-------------------------+-------+-------++-------
Melee: Dagger            |   110 |    69 ||   179
Evoke: Deck              |       |     5 ||     5
  Use: Scroll            |     5 |       ||     5
       Potion            |     4 |     2 ||     6
 Stab: Sleeping          |     1 |     2 ||     3
  Eat: Meat ration       |     1 |       ||     1
       Fruit             |     1 |       ||     1
       Beef jerky        |     1 |       ||     1
Armor: Robe              |    26 |     2 ||    28
Dodge: Dodged            |   117 |    42 ||   159
